 Dungeon Crawl Stone Soup version 0.21.1-1-g345015fe64 (webtiles) character file.

58 Kohma the Stinger (level 3, -9/16 HPs)
             Began as a Spriggan Venom Mage on June 26, 2018.
             Mangled by a gnoll
             ... wielding a +0 flail
              (13 damage)
             ... on level 2 of the Dungeon.
             The game lasted 00:03:54 (2165 turns).

Kohma the Stinger (Spriggan Venom Mage)             Turns: 2165, Time: 00:03:54

Health: -9/16      AC:  2    Str:  4    XL:     3   Next: 75%
Magic:  0/9        EV: 18    Int: 17    God:
Gold:   102        SH:  0    Dex: 16    Spells: 6/9 levels left

rFire    . . .     SeeInvis +   d - +0 dagger
rCold    . . .     Gourm    .   (shield restricted)
rNeg     . . .     Faith    .   a - +0 robe
rPois    .         Spirit   .   (helmet restricted)
rElec    .         Reflect  .   (no cloak)
rCorr    .         Harm     .   (gloves unavailable)
MR       .....                  (boots unavailable)
Stlth    ++........             (no amulet)
HPRegen  0.05/turn              (no ring)
MPRegen  0.11/turn              (no ring)

@: very slightly contaminated, very quick
A: very small, unfitting armour, see invisible, herbivore, speed 3, slow
metabolism 2
a: no special abilities


You were on level 2 of the Dungeon.
You were not hungry.

You visited 1 branch of the dungeon, and saw 2 of its levels.

You collected 102 gold pieces.

Inventory:

Hand Weapons
 d - a +0 dagger (weapon)
Armour
 a - a +0 robe (worn)
Wands
 p - a wand of disintegration (21)
Scrolls
 e - a scroll of magic mapping {unknown}
 i - a scroll of remove curse {unknown}
 j - a scroll of teleportation {unknown}
 k - a scroll of blinking {unknown}
 m - a scroll of amnesia {unknown}
Potions
 f - a potion of might {unknown}
 g - a potion of invisibility {unknown}
 h - 2 potions of agility {unknown}
 l - a potion of resistance {unknown}
 n - a potion of brilliance {unknown}
 o - a potion of haste {unknown}
 q - 2 potions of mutation {unknown}
Books
 b - a Young Poisoner's Handbook

   Spells                             Type                      Level
   a - Sting                          Conjuration/Poison           1
   b - Poisonous Vapours              Poison/Air                   2
   c - Mephitic Cloud                 Conjuration/Poison/Air       3
   d - Olgreb's Toxic Radiance        Poison                       4
   e - Venom Bolt                     Conjuration/Poison           5
Comestibles
 c - 6 rations


   Skills:
 - Level 3.0 Dodging
 - Level 3.0 Stealth
 * Level 3.8 Spellcasting
 + Level 1.2 Conjurations
 * Level 3.8 Poison Magic


You had 6 spell levels left.
You knew the following spells:

 Your Spells              Type           Power        Failure   Level  Hunger
a - Sting                 Conj/Pois      ##..         5%          1    None
b - Poisonous Vapours     Pois/Air       #.....       11%         2    ##.....


Dungeon Overview and Level Annotations

Branches:
Dungeon (2/15)

Altars:


Innate Abilities, Weirdness & Mutations

You are very small and have problems with some larger weapons.
You are too small for most types of armour.
You have supernaturally acute eyesight. (SInv)
You are a herbivore.
You cover ground extremely quickly.
You need consume almost no food.


Message History

Casting: Poisonous Vapours
Confirm with . or Enter, or press ? or * to list all spells.
Aiming: Sting
Press: ? - help, Shift-Dir - straight line, f/p - gnoll
Aim: a gnoll, wielding a spear (severely wounded)
The sting hits the gnoll.
The gnoll is almost dead.
The gnoll misses you.
You hit the gnoll.
The gnoll is almost dead.
The gnoll hits you with a spear. The gnoll hits you with a flail.
* * * LOW HITPOINT WARNING * * *
You hit the gnoll but do no damage.
The gnoll is almost dead.
The gnoll completely misses you.
You hit the gnoll but do no damage.
The gnoll is almost dead.
The gnoll hits you with a flail!
Ouch! That really hurt!
You die...

#.# ######### #.#
#.....[.######.#
#....##.##......
#.##.##.##.##...
#.##....K.K.....
##.#####.##.#....
##g#.# #.##......
##@###.###g######.#
##g## #..).# #.#
#.## ##.### #.#
##.# ##g## #'#
..###g.# ...
##.#.### ... #.##
#........ .........


You could see 2 gnolls.

Vanquished Creatures
  A gnoll (D:2)
  2 adders (D:2)
  An ooze (D:1)
  An adder skeleton (D:2)
  2 dart slugs
  A giant cockroach (D:1)
  A goblin (D:2)
  4 hobgoblins
  2 bats (D:1)
  3 kobolds
  2 rats (D:2)
20 creatures vanquished.

Notes
Turn   | Place    | Note
-------+----------+-------------------------------------------
     0 | D:1      | Kohma the Spriggan Venom Mage began the quest for the Orb.
     0 | D:1      | Reached XP level 1. HP: 9/9 MP: 5/5
   571 | D:1      | Reached XP level 2. HP: 10/13 MP: 0/7
   575 | D:1      | Learned a level 2 spell: Poisonous Vapours
  1004 | D:1      | Reached skill level 1 in Conjurations
  1469 | D:2      | Reached XP level 3. HP: 16/16 MP: 0/9
  2165 | D:2      | Mangled by a gnoll

Skill      XL: |  1  2 |
---------------+-------+-----
Spellcasting   | 3 |  3.8
Conjurations   | 1 |  1.2
Dodging        | |  3.0
Stealth        | |  3.0
Poison Magic   | |  3.8

Action                   || total
-------------------------++-------
Melee: Dagger            ||    29
 Cast: Sting             ||    24
       Poisonous Vapours ||    20
Armor: Robe              ||     1
Dodge: Dodged            ||    27
